cohdb
Replays
Latest Replays
All Replays
Popular Replays
Top Player Replays
Match Explorer
How It Works
Community
CoH3 Stats
Reddit
Sign in to upload your games and track your stats! →
Sign in with Steam
Match 41041445
Unlisted
Match 41041445
Overview
Messages
Build Orders
End
Scout Squad
Selects Armored Battlegroup
Construct Barracks
Riflemen Squad
Riflemen Squad
Riflemen Squad
Selects Veteran Crews
M1 Mortar Team
Infantry Support Center
Construct Motor Pool
Construct Motor Pool
Construct Medical Station
Engineer Squad
Selects Fast Deploy
M8 Greyhound Armored Car
Construct Weapon Support Center
M1919 Machine Gun Team
Selects M31 Recovery Vehicle
Selects War Machine
M24 Chaffee Light Tank
M1 Anti-tank Gun Team
Grenade Package
M1 Anti-tank Gun Team
M8 Greyhound Armored Car
Selects Seek and Destroy
FutureNP
Wednesday
0
0
Comments
sign in to comment!
No comments posted yet!